 Dungeon Crawl Stone Soup version 0.26.1-2-gb8aa6d0cf2 (webtiles) character file.

Game seed: 9854973622836277691

137 Gadfly the Cudgeller (level 5, -2/50 HPs)
             Began as an Ogre Gladiator on Feb 9, 2021.
             Was an Initiate of Okawaru.
             Killed from afar by an orc wizard (12 damage)
             ... with a puff of flame
             ... on level 4 of the Dungeon.
             The game lasted 00:05:03 (4646 turns).

Gadfly the Cudgeller (Ogre Gladiator)               Turns: 4646, Time: 00:05:04

Health: -2/50      AC:  3    Str: 19    XL:     5   Next: 20%
Magic:  6/6        EV: 10    Int:  9    God:    Okawaru [......]
Gold:   204        SH:  0    Dex: 10    Spells: 4/4 levels left

rFire    . . .     SeeInvis .   a - +0 flail
rCold    . . .     Faith    .   (no shield)
rNeg     . . .     Spirit   .   b - +0 robe
rPois    .         Reflect  .   c - +0 hat
rElec    .         Harm     .   (no cloak)
rCorr    .         Rampage  .   (gloves unavailable)
Will     .....                  (boots unavailable)
Stlth    +.........             (no amulet)
HPRegen  0.16/turn              (no ring)
MPRegen  0.10/turn              (no ring)

@: confused, berserk cooldown, slowed, very slow
A: large, unfitting armour, tough skin 1
a: Renounce Religion


You were on level 4 of the Dungeon.
You worshipped Okawaru.
Okawaru was noncommittal.
You visited 1 branch of the dungeon, and saw 4 of its levels.

You collected 204 gold pieces.

Inventory:

Hand Weapons
 a - a +0 flail (weapon)
Missiles
 d - 3 throwing nets
 j - 106 stones (quivered)
Armour
 b - a +0 robe (worn)
 c - a +0 hat (worn)
Potions
 e - 3 potions of curing
 g - a potion of resistance
 h - a potion of mutation {unknown}
 i - 2 potions of might
 l - a potion of heal wounds
 o - a potion of attraction {unknown}


   Skills:
 + Level 2.7 Fighting
 * Level 3.0 Maces & Flails
 * Level 2.6 Throwing
 * Level 1.6 Armour
 - Level 2.6 Dodging
 + Level 2.3 Invocations
 * Level 1.7 Evocations


You had 4 spell levels left.
You didn't know any spells.
Your spell library was empty.

Dungeon Overview and Level Annotations

Branches:
Dungeon (4/15)
 Temple: D:4-7

Altars:
Cheibriados
Okawaru
Qazlal
Ru
The Shining One


Innate Abilities, Weirdness & Mutations

You are too large for most types of armour.
You have tough skin. (AC +1)


Message History

* * * LOW HITPOINT WARNING * * *
You completely miss something.
The orc wizard casts a spell.
The orc wizard blinks!
Something hits you but does no damage.
You closely miss something.
The orc wizard gestures wildly while chanting.
The orc wizard blinks!
You hear some strange, mumbled words.
You are confused.
You bump into the crystal wall.
You miss something. Something hits you.
* * * LOW HITPOINT WARNING * * *
You bump into the crystal wall.
You are no longer berserk.
You are exhausted.
You feel yourself slow down.
You hear some strange, mumbled words.
A puff of flame appears from out of thin air!
The puff of flame hits you!
You die...

.. #. #.# #.## ## #.# ...
... #.# ..# ..# #.# #.#
...# #.# ##[#....# #.#
###########.......# #.#
#........@{o####### ##.#
#......####.#
##..####......# #.#
....#.........# ##.##
##..#.##.###..###...####.
......)#.#
#......_......#
#.#.#..#.#
######...###.##
..#.#..#.# ##.##
###.#..#.# #.#


You could see an orc.

Vanquished Creatures
  4 adders
  An ooze (D:3)
  4 worms
  4 dart slugs
  4 leopard geckos
  7 orcs
  5 bats
  4 giant cockroaches
  7 goblins
  5 hobgoblins
  4 jackals (D:1)
  6 kobolds
  A quokka (D:3)
  2 ball pythons
  4 frilled lizards
  5 rats
67 creatures vanquished.

Notes
Turn   | Place    | Note
-------+----------+-------------------------------------------
     0 | D:1      | Gadfly the Ogre Gladiator began the quest for the Orb.
     0 | D:1      | Reached XP level 1. HP: 22/22 MP: 1/1
    83 | D:1      | Reached XP level 2. HP: 22/29 MP: 2/2
   304 | D:1      | Reached skill level 1 in Invocations
   393 | D:1      | Reached XP level 3. HP: 35/36 MP: 3/3
   415 | D:1      | Reached skill level 1 in Evocations
   431 | D:1      | Reached skill level 1 in Armour
  1254 | D:2      | Found a stormy altar of Qazlal.
  1796 | D:2      | Reached XP level 4. HP: 20/44 MP: 5/5
  2240 | D:2      | Found a snail-covered altar of Cheibriados.
  2282 | D:2      | Found a sacrificial altar of Ru.
  3400 | D:3      | Reached skill level 3 in Maces & Flails
  4220 | D:3      | Reached XP level 5. HP: 50/50 MP: 6/6
  4225 | D:3      | Found an iron altar of Okawaru.
  4239 | D:3      | Became a worshipper of Warmaster Okawaru
  4607 | D:4      | Found a glowing golden altar of the Shining One.
  4646 | D:4      | Killed from afar by an orc wizard

Illustrated notes

Levels and vault maps discovered:
D:1:      minmay_arrival_four_houses, layout_basic
D:2:      layout_basic, kennysheep_slug_shrine, old_standard_altar,
          nicolae_ru_sacrificial_ziggurat, minmay_misc_feat_cross
D:3:      layout_loops_ring, kennysheep_okawaru_gauntlet
D:4:      layout_basic, lemuel_crystal_altar, nicolae_overflow_crystal_walls,
          patterned_corridor, uniq_eustachio

Skill      XL: |  1  2  3  4 |
---------------+-------------+-----
Invocations    | 1 2 |  2.3
Evocations     | 1 |  1.7
Armour         | 1 |  1.6
Maces & Flails | 3 |  3.0
Fighting       | |  2.7
Throwing       | |  2.6
Dodging        | |  2.6

Action                   |  1- 3 |  4- 6 || total
-------------------------+-------+-------++-------
Melee: Flail             |   105 |   162 ||   267
Throw: Stone             |    29 |    45 ||    74
  Use: Scroll            |     3 |     7 ||    10
       Potion            |     2 |     1 ||     3
Armor: Robe              |    26 |    32 ||    58
Dodge: Dodged            |    60 |    85 ||   145
